 Dungeon Crawl Stone Soup version 0.29-a0-340-g6efceafd81 (webtiles) character file.

Game seed: 5278831874469806419

63871 siradein the Fighter (level 15, -4/83 HPs)
             Began as a Vine Stalker Berserker on Apr 19, 2022.
             Was a Follower of Uskayaw.
             Slain by a two-headed ogre
             ... wielding a +0 giant club
             ... created by the rage of Trog
              (10 damage)
             ... on level 1 of the Orcish Mines on Apr 20, 2022.
             The game lasted 01:27:07 (21296 turns).

siradein the Fighter (Vine Stalker Berserker)      Turns: 21296, Time: 01:27:08

Health: -4/83      AC: 36    Str: 20    XL:     15   Next: 11%
Magic:  0/20       EV:  9    Int:  7    God:    Uskayaw [*.....]
Gold:   2067       SH: 25    Dex: 21    Spells: 14/14 levels left

rFire   . . .      SeeInvis +   Z - +9 quick blade (flame)
rCold   . . .      Faith    .   L - +3 tower shield
rNeg    . . .      Spirit   +   T - +9 plate armour of the Carpenter {+Inv rPois}
rPois   +          Reflect  +   Q - +2 hat {SInv}
rElec   .          Harm     .   s - +2 cloak {rPois}
rCorr   .          Rampage  .   g - +0 pair of gloves
Will    ++...                   n - +0 pair of boots
Stlth   ..........              E - amulet of reflection
HPRegen 1.03/turn               u - ring of willpower
MPRegen 0.17/turn               J - +4 ring of protection

@: no status effects
A: fangs 3, regeneration 1, magic shield, antimagic bite, no potion heal 2
a: Renounce Religion, Evoke Invisibility, Stomp


You were on level 1 of the Orcish Mines.
You worshipped Uskayaw.
Uskayaw was noncommittal.
You visited 4 branches of the dungeon, and saw 21 of its levels.
You also visited: Gauntlet.

You collected 2202 gold pieces.
You spent 135 gold pieces at shops.

Inventory:

Hand Weapons
 m - the +6 rapier "Tonwykav" {holy, rPois Int+2}
   (You found it on level 2 of the Dungeon)

   It has been blessed by the Shining One to cause great damage to the undead
   and demons.
   Int:       It affects your intelligence (+2).
   rPois:     It protects you from poison.
 U - the +9 scimitar of Wisdom {flame, rF+++}
   (You found it on level 2 of the Lair of Beasts)

   It burns those it strikes, dealing additional fire damage.
   Big, fiery blades are also staple armaments of hydra-hunters.
   rF:        It renders you almost immune to fire.
 Z - a +9 quick blade of flaming (weapon)
Missiles
 e - 31 poisoned darts
 A - 4 curare-tipped darts
 H - 3 throwing nets
Armour
 g - a +0 pair of gloves (worn)
 n - a +0 pair of boots (worn)
 s - a +2 cloak of poison resistance (worn)
 L - a +3 tower shield (worn)
 Q - a +2 hat of see invisible (worn)
 T - the +9 plate armour of the Carpenter (worn) {+Inv rPois}
   (You found it on level 2 of the Lair of Beasts)

   rPois:     It protects you from poison.
   +Inv:      It lets you turn invisible.
Jewellery
 c - an amulet of magic regeneration
 u - a ring of willpower (left hand)
 B - a ring of fire
 E - an amulet of reflection (around neck)
 J - a +4 ring of protection (right hand)
 O - a ring of protection from cold
Wands
 d - a wand of iceblast (16) (quivered)
 k - a wand of charming (1)
 q - a wand of mindburst (16)
 M - a wand of digging (11)
 P - a wand of polymorph (3)
 R - a wand of flame (29)
 X - a wand of acid (3)
Scrolls
 b - 9 scrolls of teleportation
 f - 4 scrolls of magic mapping
 h - 2 scrolls of enchant weapon
 j - 2 scrolls of fog
 v - 2 scrolls of immolation
 x - 3 scrolls of noise
 y - 2 scrolls of brand weapon {unknown}
 D - a scroll of summoning {unknown}
 K - 2 scrolls of vulnerability {unknown}
 S - 3 scrolls of blinking {unknown}
Potions
 a - 2 potions of haste
 i - 2 potions of cancellation
 l - 2 potions of mutation
 o - 6 potions of ambrosia
 p - 5 potions of curing
 r - 4 potions of attraction
 t - 3 potions of magic
 w - 2 potions of brilliance {unknown}
 z - 7 potions of flight
 C - 3 potions of berserk rage {unknown}
 F - a potion of lignification {unknown}
 I - 3 potions of invisibility {unknown}
 N - 6 potions of might {unknown}
 V - a potion of resistance {unknown}
Miscellaneous
 G - a condenser vane
 W - a phial of floods


   Skills:
 + Level 11.4 Fighting
 + Level 10.5 Short Blades
 + Level 10.3 Armour
 + Level 10.3 Dodging
 + Level 7.9 Shields
 + Level 6.5 Invocations
 + Level 5.9 Evocations


You had 14 spell levels left.
You didn't know any spells.
Your spell library contained the following spells:

 Spells                   Type           Power      Damage    Failure   Level
 Magic Dart               Conj           0%         1d3       100%        1
 Blink                    Tloc           0%         N/A       100%        2
 Call Imp                 Summ           0%         N/A       100%        2
 Lesser Beckoning         Tloc           0%         N/A       100%        3
 Mephitic Cloud           Conj/Pois/Air  0%         N/A       100%        3
 Fireball                 Conj/Fire      0%         3d3       100%        5
 Manifold Assault         Tloc           0%         N/A       100%        5
 Starburst                Conj/Fire      0%         6d3       100%        6
 Ignition                 Fire           0%         3d3       100%        8


Dungeon Overview and Level Annotations

Branches:
Dungeon (12/15)            Temple (1/1) D:6            Lair (6/6) D:11
  Swamp (0/4) Lair:3       Spider (0/4) Lair:4        Slime (0/5) Lair:6
    Orc (2/2) D:11            Elf (0/3) Orc:2       Gauntlet (visited)

Altars:
Ashenzari
Cheibriados
Dithmenos
Elyvilon
Fedhas
Gozag
Hepliaklqana
Kikubaaqudgha
Makhleb
Nemelex Xobeh
Okawaru
Qazlal
Ru
Sif Muna
Trog
Uskayaw
Vehumet
Wu Jian
Xom
Yredelemnul
Zin
The Shining One
Beogh

Shops:
D:4 *   D:9 *   Orc:1 [

Portals:
Trove: D:11 (give horn of Geryon)

Annotations:
Lair:2 exclusion: 2 oklob plants
Orc:1 2 transporters, MeatMancer's ghost, journeyman MiMo


Innate Abilities, Weirdness & Mutations

You have razor-sharp teeth.
Your natural rate of healing is unusually fast.
When hurt, damage is shared between your health and your magic reserves.
Your bite disrupts and absorbs the magic of your enemies.
Potions cannot restore your health.


Message History

Unknown command.
Unknown command.
Unknown command.
The troll attacks as you move away! You block the troll's attack.
The troll closely misses you. The troll claws you but does no damage.
The two-headed ogre hits you with a +0 giant club!!
The two-headed ogre barely misses you.
The troll rages.
You block the polar bear's attack.
The polar bear claws you but does no damage.
You block the polar bear's attack. The polar bear barely misses you.
The polar bear claws you but does no damage. x2
You block the troll's attack. The troll barely misses you.
The troll claws you but does no damage.
Unknown command.
Unknown command.
Unknown command.
The troll attacks as you move away! You block the troll's attack. x3
The polar bear rages.
You block the two-headed ogre's attack.
The two-headed ogre hits you with a +0 dire flail!!
* * * LOW HITPOINT WARNING * * *
Unknown command.
As you read the scroll labelled COSKUA QIATZYNLERCH, it crumbles to dust.
The creatures around you are filled with an inner flame!
It was a scroll of immolation.
You block the troll's attack. x3
The two-headed ogre completely misses you.
The two-headed ogre barely misses you. The troll bites you but does no damage.
The troll claws you.
* * * LOW HITPOINT WARNING * * *
The troll claws you but does no damage.
As you read the scroll labelled ANLEIDI JOHIG, it crumbles to dust.
You hear a loud clanging noise!
It was a scroll of noise.
You hear a shout!
The troll bites you but does no damage. You block the troll's attack. x2
The troll barely misses you. x2; The troll claws you but does no damage.
You block the two-headed ogre's attack.
The two-headed ogre hits you with a +0 dire flail!
You die...

#..#.#....#.#.......#.........##
#..###..##.....#.#.#####......#
#........#..#..#.#.#####.....##
#....................##......#
.........#..##........)#....#####
.......#######..........##.###..#
.......###.##...#.......#####....
........#...#..TT.......# #...#
#......###....hO@..#.#.## ##....
.......###.....#.##...## ##.....
........###..######..## #......
.........##### ...# ##.....
..#..##.## ##.... ......### ##.##
#.##.## ##.#. ###### #...# ##...


You could see a two-headed ogre (berserk, inner flame), a polar bear (berserk,
inner flame) and 2 trolls.

Vanquished Creatures
  Gastronok (Lair:1)
  A fire dragon (Lair:5)
  The ghost of Fiha the Thaumaturge, a journeyman VSTm of Dithmenos (Lair:4)
  5 hydras
  2 boulder beetles
  4 catoblepae
  4 two-headed ogres
  7 death yaks (Lair:6)
  Urug (Orc:1)
  The ghost of NateTC the Quickloader, a novice KoHu (D:5)
  3 orc knights (Orc:1)
  The ghost of Antichthon the Chopper, a novice NaWr of Cheibriados (D:5)
  A bog body (Lair:3)
  A lindwurm (Lair:6)
  4 deep elf pyromancers
  3 orc sorcerers (Orc:1)
  2 manticores
  A cyclops (D:12)
  6 black mambas
  A gargoyle (D:11)
  7 cane toads
  An unseen horror (D:10)
  3 rime drakes (Lair:3)
  9 komodo dragons
  2 ice devils (Lair:3)
  An efreet (D:12)
  An entropy weaver simulacrum (Lair:3)
  9 polar bears
  3 trolls (Orc:1)
  A queen bee (D:12)
  3 meliai (D:12)
  A hornet (D:8)
  8 blink frogs
  A jumping spider (Lair:4)
  2 shadows
  3 culicivoras (Lair:4)
  A wraith (D:10)
  A vampire (D:10)
  77 yaks
  3 wyverns
  Eustachio (D:5)
  2 steam dragons
  2 basilisks (Lair:3)
  Grum (D:10)
  2 redbacks (Lair:4)
  A harpy simulacrum (Lair:3)
  An acid dragon (D:12)
  30 water moccasins
  6 wargs
  A swamp drake (Orc:1)
  21 orc warriors
  5 black bears
  2 sky beasts
  An ice beast (D:7)
  9 wolves
  9 ogres
  2 centaurs (D:7)
  A kobold brigand (D:6)
  6 necrophages
  15 bullfrogs
  2 gnoll sergeants
  3 scorpions
  8 wights (D:7)
  14 killer bees (D:12)
  2 elephant simulacra (Lair:3)
  The ghost of spaghetti the Sneak, a weakling OpDe (D:5)
  2 electric eels
  A howler monkey (D:8)
  5 crimson imps
  6 hounds
  2 jellies
  Crazy Yiuf (D:2)
  12 orc priests
  Ijyb (D:3)
  An iron imp (Orc:1)
  6 hell rats
  Natasha (thrice) (D:3)
  Terence (D:2)
  2 iguanas
  20 orc wizards
  2 spriggan simulacra (Lair:3)
  9 gnolls
  23 adders
  5 river rats (Lair:4)
  4 shadow imps
  8 white imps
  A worm (D:2)
  The ghost of cbfl8 the Sneak, a weakling MiDe (D:5)
  3 dart slugs
  79 orcs
  5 bats
  7 endoplasms
  2 giant cockroaches
  8 hobgoblins
  19 jackals
  15 kobolds
  3 quokkas
  3 ball pythons
  A frilled lizard (D:1)
  5 goblins
  8 rats
609 creatures vanquished.

Vanquished Creatures (others)
  A manticore (Lair:6)
  An orc wizard (Orc:1)
  A gnoll (D:12)
  52 fungi
  73 plants
  2 withered plants (D:5)
130 creatures vanquished.

Grand Total: 739 creatures vanquished

Notes
Turn   | Place    | Note
-------+----------+-------------------------------------------
     0 | D:1      | siradein the Vine Stalker Berserker began the quest for the
                  | Orb.
     0 | D:1      | Reached XP level 1. HP: 11/11 MP: 2/2
   343 | D:1      | Reached XP level 2. HP: 14/16 MP: 1/3
   580 | D:1      | Reached skill level 3 in Fighting
   586 | D:1      | Reached XP level 3. HP: 13/20 MP: 4/4
   626 | D:1      | Reached ** piety under Trog
  1398 | D:2      | Noticed Terence
  1407 | D:2      | Killed Terence
  1408 | D:2      | Gained mutation: Your natural rate of healing is unusually
                  | fast. [Vine Stalker growth]
  1408 | D:2      | Reached XP level 4. HP: 24/24 MP: 3/5
  1663 | D:2      | Reached XP level 5. HP: 28/28 MP: 6/6
  1727 | D:2      | Found a runed translucent door.
  1728 | D:2      | Noticed Crazy Yiuf
  1756 | D:2      | Found a faded altar of an unknown god.
  1793 | D:2      | Identified the +6 rapier "Tonwykav" {holy, rPois Int+2}
  2332 | D:3      | Noticed Ijyb
  2340 | D:3      | Killed Ijyb
  2461 | D:3      | Noticed an ogre
  2471 | D:3      | Killed an ogre
  2472 | D:3      | Reached XP level 6. HP: 33/33 MP: 7/7
  2502 | D:3      | Found a blossoming altar of Fedhas.
  2583 | D:3      | Reached *** piety under Trog
  2894 | D:3      | Noticed Natasha
  2899 | D:3      | Killed Natasha
  2900 | D:3      | Reached skill level 4 in Fighting
  3001 | D:3      | Found a blossoming altar of Fedhas.
  3228 | D:3      | Noticed Natasha
  3233 | D:3      | Killed Natasha
  3279 | D:3      | Noticed Natasha
  3284 | D:3      | Killed Natasha
  3450 | D:4      | Found Ufygg's Overcharged Wands.
  3545 | D:4      | Reached XP level 7. HP: 32/37 MP: 6/8
  3726 | D:4      | Found a basalt altar of Yredelemnul.
  3945 | D:5      | Entered Level 5 of the Dungeon
  4187 | D:5      | Noticed Eustachio
  4194 | D:5      | Killed Eustachio
  4200 | D:5      | Found a runed translucent gate.
  4200 | D:5      | Found a runed translucent gate.
  4200 | D:5      | Found a runed translucent gate.
  4236 | D:5      | Noticed a wyvern
  4252 | D:5      | Killed a wyvern
  4253 | D:5      | Gained mutation: You have razor-sharp teeth. [Vine Stalker
                  | growth]
  4253 | D:5      | Reached XP level 8. HP: 19/42 MP: 5/9
  4331 | D:5      | Noticed Antichthon's ghost (novice NaWr)
  4332 | D:5      | Noticed NateTC's ghost (novice KoHu)
  4332 | D:5      | Noticed cbfl8's ghost (weakling MiDe)
  4332 | D:5      | Noticed spaghetti's ghost (weakling OpDe)
  4530 | D:6      | Reached skill level 5 in Short Blades
  4537 | D:6      | Reached skill level 5 in Fighting
  4727 | D:6      | Found a staircase to the Ecumenical Temple.
  4731 | D:6      | Reached **** piety under Trog
  4891 | D:6      | Reached XP level 9. HP: 45/48 MP: 10/10
  5118 | D:7      | Reached skill level 5 in Armour
  5118 | D:7      | Reached skill level 5 in Dodging
  5120 | D:7      | Reached skill level 6 in Fighting
  6364 | D:8      | Reached XP level 10. HP: 33/53 MP: 11/11
  6367 | D:8      | Reached skill level 7 in Fighting
  6653 | D:8      | Reached ***** piety under Trog
  7376 | D:9      | Noticed a two-headed ogre
  7385 | D:9      | Killed a two-headed ogre
  7386 | D:9      | Reached skill level 8 in Fighting
  7386 | D:9      | Reached XP level 11. HP: 60/60 MP: 12/12
  7410 | D:9      | HP: 3/60 [something (1)]
  7410 | D:9      | HP: 1/60 [yak (3)]
  7705 | D:9      | Found Aproif's Assorted Antiques.
  7713 | D:9      | Bought a tower shield for 135 gold pieces
  7921 | D:9      | Found an ornate altar of the Wu Jian Council.
  7928 | D:9      | Found a shimmering blue altar of Sif Muna.
  8481 | D:2      | Killed Crazy Yiuf
  8701 | D:10     | Entered Level 10 of the Dungeon
  8944 | D:10     | Noticed Grum
  8956 | D:10     | Reached skill level 1 in Shields
  9018 | D:10     | Killed Grum
  9054 | D:10     | Noticed an eight-headed hydra
  9085 | D:10     | Killed an eight-headed hydra
  9414 | D:10     | Noticed a two-headed ogre
  9425 | D:10     | Killed a two-headed ogre
  9870 | D:11     | Noticed a manticore
  9915 | D:11     | Killed a manticore
  9986 | D:11     | Found a staircase to the Lair.
 10013 | D:11     | Reached skill level 9 in Fighting
 10020 | D:11     | Noticed a two-headed ogre
 10030 | D:11     | Killed a two-headed ogre
 10031 | D:11     | Reached XP level 12. HP: 62/66 MP: 13/13
 10062 | D:11     | Found a runed translucent door.
 10231 | D:11     | Found a staircase to the Orcish Mines.
 10446 | D:11     | Found a portal to a secret trove of treasure.
 10562 | Lair:1   | Entered Level 1 of the Lair of Beasts
 10562 | Lair:1   | Noticed a seven-headed hydra
 10577 | Lair:1   | Killed a seven-headed hydra
 10612 | Lair:1   | Noticed a six-headed hydra
 10626 | Lair:1   | Killed a six-headed hydra
 10746 | Lair:1   | Found a gate leading to a gauntlet.
 10758 | Gauntlet | Entered a Gauntlet
 10758 | Gauntlet | Found a transporter.
 10768 | Gauntlet | Found a runed translucent gate.
 10770 | Gauntlet | Found a transporter.
 10771 | Gauntlet | Found a runed translucent gate.
 10772 | Gauntlet | Found a runed translucent gate.
 10773 | Gauntlet | Found a transporter.
 10774 | Gauntlet | Found a transporter.
 10778 | Gauntlet | Noticed a death scarab
 10782 | Gauntlet | Found a transporter.
 10785 | Gauntlet | Found a transporter.
 10787 | Gauntlet | Found a transporter.
 10795 | Gauntlet | Found a transporter.
 10797 | Gauntlet | Found a transporter.
 10798 | Gauntlet | Found a transporter.
 10806 | Gauntlet | Found a transporter.
 10809 | Gauntlet | Found a transporter.
 10810 | Gauntlet | Found a transporter.
 10814 | Gauntlet | Noticed a quicksilver ooze
 10818 | Gauntlet | Found a transporter.
 11408 | Lair:1   | Noticed Gastronok
 11495 | Lair:1   | Killed Gastronok
 12502 | Lair:2   | Found a blossoming altar of Fedhas.
 12694 | Lair:2   | Reached skill level 5 in Shields
 12695 | Lair:2   | Reached skill level 1 in Invocations
 12745 | Lair:2   | Reached skill level 1 in Evocations
 12882 | Lair:2   | Identified the +9 plate armour of the Carpenter {+Inv
                  | rPois}
 13100 | Lair:2   | Identified the +9 scimitar of Wisdom {flame, rF+++}
 13133 | Lair:3   | Reached XP level 13. HP: 72/72 MP: 15/15
 13172 | Lair:3   | Reached skill level 10 in Fighting
 13172 | Lair:3   | Reached skill level 10 in Short Blades
 13250 | Lair:3   | Identified the +6 great sword "Zixeu" {antimagic, *Noise
                  | rC- rN+++ Str+9} (Trog gifted it to you on level 3 of the
                  | Lair of Beasts)
 13250 | Lair:3   | Received a gift from Trog
 13329 | Lair:3   | Found a staircase to the Swamp.
 13344 | Lair:3   | Reached ****** piety under Trog
 13792 | Lair:3   | Identified the +9 war axe of the Leaping Seer {flame, Drain
                  | *Slow +Blink rCorr}
 14690 | D:5      | Killed cbfl8's ghost
 14695 | D:5      | Killed Antichthon's ghost
 14710 | D:5      | Killed spaghetti's ghost
 14717 | D:5      | Killed NateTC's ghost
 15270 | Lair:4   | Found a runed translucent door.
 15270 | Lair:4   | Noticed Fiha's ghost (journeyman VSTm)
 15291 | Lair:4   | Killed Fiha's ghost
 15560 | Lair:4   | Found a hole to the Spider Nest.
 16110 | Lair:5   | Noticed a fire dragon
 16139 | Lair:5   | Killed a fire dragon
 16240 | Lair:5   | Found a broken altar of Ashenzari.
 16659 | Lair:6   | Entered Level 6 of the Lair of Beasts
 16673 | Lair:5   | Reached XP level 14. HP: 49/77 MP: 15/18
 16847 | Lair:6   | Found a staircase to the Slime Pits.
 16952 | Lair:6   | Reached skill level 5 in Invocations
 17022 | Lair:6   | Received a gift from Trog
 17247 | Temple   | Entered the Ecumenical Temple
 17429 | Temple   | Fell from the grace of Trog
 17429 | Temple   | Became a worshipper of Uskayaw the Reveller
 17670 | Lair:6   | Reached * piety under Uskayaw
 17676 | Lair:6   | Reached ** piety under Uskayaw
 17681 | Lair:6   | Reached *** piety under Uskayaw
 18372 | Lair:6   | Reached **** piety under Uskayaw
 18384 | Lair:6   | Reached ***** piety under Uskayaw
 18388 | Lair:6   | Reached skill level 11 in Fighting
 18492 | Lair:6   | Reached skill level 5 in Evocations
 18553 | Lair:6   | Reached skill level 10 in Dodging
 18601 | Lair:6   | Reached skill level 10 in Armour
 19132 | D:11     | Identified the +2 ring mail of the Will of the Gods
                  | {*Corrode Fly Regen+ Int-2}
 19527 | D:12     | Reached ****** piety under Uskayaw
 20156 | Orc:1    | Entered Level 1 of the Orcish Mines
 20187 | Orc:1    | Found Xexu's Antique Armour Shop.
 20373 | Orc:2    | Entered Level 2 of the Orcish Mines
 20580 | Orc:1    | HP: 3/72 [orc sorcerer/bolt of fire[an orc knight] (8)]
 20654 | Orc:1    | Paralysed by Trog for 6 turns
 20777 | Orc:1    | Reached XP level 15. HP: 42/78 MP: 18/20
 20862 | Orc:2    | Found a staircase to the Elven Halls.
 20983 | Orc:1    | Noticed Urug
 21001 | Orc:1    | Killed Urug
 21084 | Orc:1    | Found a transporter.
 21097 | Orc:1    | Noticed MeatMancer's ghost (journeyman MiMo)
 21098 | Orc:1    | Found a bloodstained altar of Trog.
 21114 | Orc:1    | Found a transporter.
 21238 | Orc:1    | Identified the +2 robe "Wofiemih" {*Corrode Will++ Str+4
                  | Dex+3}
 21296 | Orc:1    | Slain by a two-headed ogre

Illustrated notes

Levels and vault maps discovered:
D:1:      minmay_arrival_arboretum_small, layout_basic
D:2:      layout_basic, dilly_ecumenical_altar_fadedgnrine,
          chequers_serial_rivers_micro_e, nicolae_figureground_sparkle,
          uniq_crazy_yiuf_cottage, uniq_terence
D:3:      layout_basic, mainiacjoe_overflow_surrounded_room, uniq_ijyb,
          uniq_natasha
D:4:      layout_cave_pools, marbit_many_paths, nicolae_shop_overcharged_wands
D:5:      layout_cave_pools, gammafunk_ghost_cemetery, uniq_eustachio
D:6:      layout_rooms, minmay_temple_entry_purple_smoke
D:7:      layout_layer_cave
D:8:      layout_loops_corners, hangedman_glass_teeth, mrwooster_statue_mirror,
          minmay_nine_imps
D:9:      layout_grid_maze, mainiacjoe_overflow_large_starburst, serial_shops,
          nicolae_shop_stone
D:10:     layout_irregular_city, uniq_grum
D:11:     layout_basic, due_lair_maze_entry_diamond, david_orc_5,
          nicolae_trove_entry_columns, lightli_church_of_beogh
D:12:     layout_irregular_city, minivault_7
Temple:   dpeg_five_rooms_temple
Lair:1:   wander_river, layout_concentric_octagons, gauntlet_entry_generic,
          nicolae_quartered_pool_little, cheibrodos_lair_lostbears,
          infiniplex_staircase_pool_2, uniq_gastronok
Lair:2:   lemuel_reptile_caves, layout_cellular_growth, hangedman_tree_tricks,
          roderic_carrion_pond
Lair:3:   dreamdust_isle_of_ice, layout_cave_pods, swamp_mist,
          grunt_megastairs_3
Lair:4:   layout_gridlike, nicolae_spider_entry_tight_spaces,
          gammafunk_ghost_grave, serial_rivers, chequers_serial_rivers_large_a,
          chequers_serial_rivers_large_b, chequers_serial_rivers_micro_c,
          chequers_serial_rivers_room_a, chequers_serial_rivers_micro_d,
          chequers_serial_rivers_small_3, hangedman_lair_unloving_vines,
          kennysheep_rathole
Lair:5:   dragon1_lemuel, layout_misc_corridors, basic_altar,
          infiniplex_staircase_pool, lemuel_fruit_tree, grunt_megastairs_4
Lair:6:   evilmike_catoblepas_cave, layout_loops_ring, slime_dummy
Orc:1:    layout_caves, serial_shops, nicolae_shop_statue_plus,
          gammafunk_ghost_wrathful_warriors, hangedman_minor_magic, uniq_urug
Orc:2:    st_orc_pillars, layout_caves, basic_altar

Skill      XL: |  1  2  3  4  5  6  7  8  9 10 11 12 13 14 |
---------------+-------------------------------------------+-----
Fighting       | 3 4 5 6 8 9 10 11 | 11.4
Short Blades   | 3 4 5 6 8 9 10 | 10.5
Dodging        | 2 3 4 5 7 8 9 10 | 10.3
Armour         | 2 3 4 5 7 8 9 10 | 10.3
Shields        | 3 5 6 7 |  7.9
Invocations    | 1 4 6 |  6.5
Evocations     | 1 4 5 |  5.9

Action                   |  1- 3 |  4- 6 |  7- 9 | 10-12 | 13-15 || total
-------------------------+-------+-------+-------+-------+-------++-------
Melee: Short sword       |   107 |    46 |       |       |       ||   153
       Bite              |    24 |    14 |    77 |   309 |   408 ||   832
       Punch             |     2 |     4 |     4 |     2 |       ||    12
       Rapier            |       |    51 |   230 |   738 |       ||  1019
       Dagger            |       |       |    24 |     9 |    30 ||    63
       Scimitar          |       |       |       |     4 |   392 ||   396
       Quick blade       |       |       |       |       |   575 ||   575
Throw: Dart              |       |       |       |    12 |       ||    12
Invok: Berserk           |     1 |     1 |       |     3 |       ||     5
Evoke: Wand              |       |       |       |     1 |       ||     1
  Use: Scroll            |       |     1 |     9 |     9 |    12 ||    31
       Potion            |       |       |       |       |     2 ||     2
 Stab: Petrified         |       |       |       |       |     6 ||     6
       Paralysed         |       |       |       |       |    40 ||    40
       Confused          |       |       |       |       |     1 ||     1
Armor: Ring mail         |     4 |       |       |       |       ||     4
       Plate armour      |    77 |    49 |       |     2 |   473 ||   601
       Chain mail        |       |    18 |   152 |   385 |       ||   555
Dodge: Dodged            |    51 |    21 |   126 |   218 |   180 ||   596
Block: Tower shield      |       |       |       |   771 |  1152 ||  1923
       Reflection        |       |       |       |     3 |    13 ||    16

Table legend: (Time is in decaauts)
 A = Elapsed time spent in this place.
 B = Non-inter-level travel time spent in this place.
 C = Inter-level travel time spent in this place.
 D = Time resting spent in this place.
 E = Time spent auto-exploring this place.
 F = Levels seen in this place.
 G = Mean time per level.
                   A        B        C        D        E       F      G
               +--------+--------+--------+--------+--------+-----+--------+
         Total |  21544 |  19727 |   1817 |    646 |  13957 |  22 |  979.3 |
       Dungeon |  13033 |  11775 |   1258 |    218 |   9059 |  12 | 1086.1 |
        Temple |    211 |    182 |     29 |      0 |    169 |   1 |  211.0 |
          Lair |   6991 |   6463 |    528 |    311 |   4138 |   6 | 1165.2 |
  Orcish Mines |   1074 |   1074 |      0 |    116 |    474 |   2 |  537.0 |
      Gauntlet |    233 |    233 |      0 |      0 |    116 |   1 |  233.0 |
               +--------+--------+--------+--------+--------+-----+--------+

Top non-repeatable levels by time:
    D:10: 1769 daAuts
  Lair:6: 1638 daAuts
  Lair:3: 1415 daAuts
     D:1: 1362 daAuts
     D:7: 1361 daAuts
     D:3: 1259 daAuts
    D:11: 1249 daAuts
     D:8: 1180 daAuts
  Lair:1: 1149 daAuts
  Lair:4: 1071 daAuts
     D:9: 1044 daAuts
     D:2: 964 daAuts
  Lair:2: 862 daAuts
  Lair:5: 854 daAuts
    D:12: 829 daAuts
